 Dungeon Crawl Stone Soup version 0.28.0-53-g5a82cb258f (webtiles) character file.

Game seed: 16761363578052514520

6873 unlimited1921 the Thaumaturge (level 11, -3/68 HPs)
             Began as a Djinni Fire Elementalist on July 18, 2022.
             Was an Initiate of Gozag.
             Slain by a boulder beetle (36 damage)
             ... on level 11 of the Dungeon.
             The game lasted 00:54:13 (13931 turns).

unlimited1921 the Thaumaturge (DjFE)               Turns: 13931, Time: 00:54:13

Health: -3/68      AC:  9    Str:  7    XL:     11   Next: 26%
Gold:   82         EV: 13    Int: 20    God:    Gozag SH:  0 Dex: 15

rFire   + + +      SeeInvis .   p - +4 short sword
rCold   x . .      Faith    .   (no shield)
rNeg    . . .      Spirit   .   w - +0 robe {rF+}
rPois   ∞          Reflect  .   d - +0 helmet
rElec   .          Harm     .   M - +1 cloak
rCorr   .          Rampage  .   (no gloves)
Will    +....                   (boots unavailable)
Stlth   +++.......              n - amulet of regeneration
HPRegen 1.01/turn               t - +4 ring of protection
MPRegen 0.00/turn               (no ring)

@: flying, studying Short Blades
A: sickness immunity, fire resistance 2, cold vulnerability 1, float, innate
caster, HP casting, extra vitality 1
a: Renounce Religion, Potion Petition, Call Merchant, Bribe Branch


You were on level 11 of the Dungeon.
You worshipped Gozag.
Gozag was noncommittal.
You visited 2 branches of the dungeon, and saw 11 of its levels.

You collected 1241 gold pieces.
You spent 1102 gold pieces at shops.
You paid 57 gold pieces to Gozag.

Inventory:

Hand Weapons
 f - a +3 war axe
 l - a +2 vorpal flail
 p - a +4 short sword (weapon)
 G - a +5 falchion
 H - a +4 trident
 I - a +3 shortbow of flaming
Missiles
 a - 74 bolts
 g - 190 stones
 y - 3 poisoned darts (quivered)
 A - 2 silver boomerangs
 J - 55 arrows
 K - a curare-tipped dart
Armour
 d - a +0 helmet (worn)
 w - a +0 robe of fire resistance (worn)
 x - a scarf of resistance
 F - a +2 ring mail of willpower
 M - a +1 cloak (worn)
Jewellery
 n - an amulet of regeneration (around neck)
 t - a +4 ring of protection (left hand)
Wands
 o - a wand of iceblast (1)
 s - a wand of acid (14)
 z - a wand of charming (11)
 P - a wand of paralysis (5)
Scrolls
 c - 4 scrolls of vulnerability {unknown}
 e - 3 scrolls of fear {unknown}
 h - 3 scrolls of teleportation {unknown}
 i - 2 scrolls of silence {unknown}
 k - 3 scrolls of blinking {unknown}
 m - 2 scrolls of fog
 u - a scroll of torment
 v - a scroll of summoning
 B - a scroll of magic mapping
 L - a scroll of immolation
Potions
 b - a potion of cancellation
 j - 2 potions of heal wounds
 q - 7 potions of curing
 r - a potion of haste
 C - 2 potions of might
 D - a potion of brilliance
 E - 4 potions of mutation
 N - a potion of lignification
 O - 2 potions of invisibility


   Skills:
 + Level 1.9 Fighting
 + Level 1.2 Armour
 + Level 4.0 Dodging
 + Level 4.4 Stealth
 + Level 12.1 Spellcasting
 + Level 0.3 Evocations


You had 7 spell levels left.
You knew the following spells:

 Your Spells              Type           Power      Damage    Failure   Level
a - Foxfire               Conj/Fire      100%       2x1d9     1%          1
b - Scorch                Fire           100%       2d10      1%          2
c - Conjure Flame         Conj/Fire      57%        6-21      1%          3
d - Inner Flame           Hex/Fire       57%        N/A       1%          3
e - Flame Wave            Conj/Fire      57%        2d11      1%          4
f - Apportation           Tloc           100%       N/A       1%          1
g - Corpse Rot            Necr/Air       100%       N/A       1%          2
h - Gell's Gravitas       Tloc           57%        N/A       1%          3
i - Teleport Other        Tloc           57%        N/A       1%          3
j - Summon Forest         Summ/Tloc      28%        N/A       1%          5
Your spell library was empty.

Dungeon Overview and Level Annotations

Branches:
Dungeon (11/15)            Temple (1/1) D:5
   Lair: D:8-11         Orc: D:9-12

Altars:
Ashenzari
Cheibriados
Dithmenos
Elyvilon
Fedhas
Gozag
Hepliaklqana
Kikubaaqudgha
Makhleb
Nemelex Xobeh
Okawaru
Qazlal
Ru
Sif Muna
Trog
Uskayaw
Vehumet
Wu Jian
Xom
Yredelemnul
Zin
The Shining One

Shops:
D:2 [   D:6 !   D:9 [   D:11 *!:


Innate Abilities, Weirdness & Mutations

You are immune to sickness and miasma.
You are immune to poison.
Your flesh is very heat resistant. (rF++)
You are vulnerable to cold. (rC-)
You float through the air rather than walking.
You learn spells naturally, not from books.
Your magical power is your life essence.
You have superior vitality. (+4 MHP)


Message History

You throw a poisoned dart.
The poisoned dart barely misses the boulder beetle.
The poisoned dart hits the troll.
The boulder beetle barely misses you.
Throw: 4 darts (poison)
Press: ? - help, Q - select action, (/) - cycle Shift-Dir - straight line, f/p - boulder beetle
Aim: a boulder beetle (heavily wounded, poisoned, 89% to hit)
You throw a poisoned dart.
The poisoned dart hits the boulder beetle.
The boulder beetle looks even sicker.
The boulder beetle is heavily wounded.
You hear a splash.
The boulder beetle closely misses you.
Casting: Foxfire (safe; 1% risk of failure)
Confirm with . or Enter, or press ? or * to list all spells.
Flames lash the troll.
The troll is moderately wounded.
The troll's fire resistance burns away.
The boulder beetle bites you!
Casting: Scorch (safe; 1% risk of failure)
Confirm with . or Enter, or press ? or * to list all spells.
Flames lash the troll.
The troll is moderately wounded.
The boulder beetle waves its antennae.
The boulder beetle bites you!! The boulder beetle bites you!
* * * LOW HITPOINT WARNING * * *
You feel much better. The boulder beetle bites you!!
The troll barely misses you. x2; The troll claws you.
The boulder beetle looks more healthy.
Space becomes stable.
The troll is no longer more vulnerable to fire.
The boulder beetle leaps!
The boulder beetle curls into a ball and begins rolling!
The boulder beetle completely misses you.
The boulder beetle stops rolling and uncurls.
The boulder beetle curls into a ball and begins rolling!
The boulder beetle hits you!!!
Ouch! That really hurt!
You die...
Your body crumbles into a pile of gold.

.. #...###................ .
#...##................. ###
#.......P...........
..###......∩............
............P..°........
...............°........
................○.......
...............TB.......
...........)....@..........
...............................
....<..........................
...............................
.............................<.
...............................
...............⌠.⌠.............
###...........).∩.............#
#....)...>....⌠.⌠............#
#


You could see a boulder beetle (rolling) and a troll.

Vanquished Creatures
  A two-headed ogre (D:11)
  The ghost of WANAX the Cleaver, a novice HOBe of Trog (D:5)
  5 centaur zombies
  Maurice (D:9)
  Grinder (D:3)
  Prince Ribbit (D:7)
  2 wyverns
  A wraith (D:9)
  3 vampire mosquitoes
  A water moccasin (D:9)
  A sky beast (D:6)
  3 orc warriors
  2 ice beasts (D:6)
  2 black bears
  A necrophage (D:7)
  4 centaurs
  4 bullfrogs
  A kobold brigand (D:8)
  2 scorpions (D:4)
  7 killer bees (D:9)
  9 wights
  A hound (D:5)
  9 orc priests
  A bullfrog zombie (D:5)
  4 iguanas
  Ijyb (D:3)
  7 orc wizards
  2 killer bee zombies (D:6)
  A howler monkey zombie (D:5)
  3 gnolls (D:8)
  11 adders
  2 white imps (D:6)
  2 ufetubi
  19 orcs
  12 bats
  7 endoplasms
  3 giant cockroaches
  7 goblins
  8 hobgoblins
  4 jackals
  4 quokkas
  7 ball pythons
  4 frilled lizards
  7 kobolds
  5 rats
184 creatures vanquished.

Vanquished Creatures (collateral kills)
  A two-headed ogre (D:11)
  A wraith (D:11)
  An orc wizard (D:11)
3 creatures vanquished.

Vanquished Creatures (others)
  633 foxfires
  4 plants (D:11)
637 creatures vanquished.

Grand Total: 824 creatures vanquished

Notes
Turn   | Place    | Note
-------+----------+-------------------------------------------
     0 | D:1      | unlimited1921 the Djinni Fire Elementalist began the quest
                  | for the Orb.
     0 | D:1      | Reached XP level 1. HP: 15/15 MP: 0/0
   694 | D:1      | Reached XP level 2. HP: 19/21 MP: 0/0
  2035 | D:1      | Reached XP level 3. HP: 25/25 MP: 0/0
  2035 | D:1      | Learned a level 1 spell: Apportation
  2044 | D:1      | Reached skill level 3 in Spellcasting
  2980 | D:2      | Reached XP level 4. HP: 28/31 MP: 0/0
  3727 | D:2      | Found Ownulum's Antique Armour Shop.
  3964 | D:2      | Found a faded altar of an unknown god.
  4267 | D:3      | Noticed Ijyb
  4274 | D:3      | Killed Ijyb
  4275 | D:3      | Reached XP level 5. HP: 11/35 MP: 0/0
  4275 | D:3      | Learned a level 2 spell: Corpse Rot
  4315 | D:3      | Noticed Grinder
  4320 | D:3      | Paralysed by Grinder for 5 turns
  4329 | D:3      | Killed Grinder
  4330 | D:3      | Reached skill level 4 in Spellcasting
  4330 | D:3      | Reached XP level 6. HP: 29/40 MP: 0/0
  5536 | D:3      | Reached skill level 5 in Spellcasting
  5997 | D:4      | Reached XP level 7. HP: 28/45 MP: 0/0
  5997 | D:4      | Learned a level 3 spell: Gell's Gravitas
  6581 | D:5      | Entered Level 5 of the Dungeon
  7110 | D:5      | Reached skill level 6 in Spellcasting
  7110 | D:5      | Reached XP level 8. HP: 35/50 MP: 0/0
  7147 | D:5      | Found a staircase to the Ecumenical Temple.
  7158 | Temple   | Entered the Ecumenical Temple
  7307 | Temple   | Became a worshipper of Gozag Ym Sagoz the Greedy
  7912 | D:5      | Found a runed translucent gate.
  7912 | D:5      | Found a runed translucent gate.
  7913 | D:5      | Found a runed translucent gate.
  7917 | D:5      | Noticed WANAX's ghost (novice HOBe)
  8592 | D:6      | Reached skill level 1 in Armour
  8592 | D:6      | Reached skill level 7 in Spellcasting
  8641 | D:6      | Reached XP level 9. HP: 51/55 MP: 0/0
  8641 | D:6      | Learned a level 3 spell: Teleport Other
  8724 | D:6      | Found Miepisoph's Distillery.
  8732 | D:6      | Bought a potion of might for 52 gold pieces
  8732 | D:6      | Bought a potion of degeneration for 13 gold pieces
  8732 | D:6      | Bought a potion of brilliance for 52 gold pieces
  8732 | D:6      | Bought a potion of curing for 39 gold pieces
  8732 | D:6      | Bought a potion of mutation for 104 gold pieces
  9229 | D:7      | Reached skill level 8 in Spellcasting
  9528 | D:6      | Reached skill level 9 in Spellcasting
  9650 | D:7      | Reached skill level 1 in Fighting
  9898 | D:7      | Noticed Prince Ribbit
  9904 | D:7      | Killed Prince Ribbit
  9905 | D:7      | Reached XP level 10. HP: 63/63 MP: 0/0
 10940 | D:8      | Reached skill level 10 in Spellcasting
 11037 | D:8      | Found an iron altar of Okawaru.
 12161 | D:2      | Bought a runed orb for 360 gold pieces
 12275 | D:5      | Killed WANAX's ghost
 12396 | D:6      | Bought a potion of cancellation for 104 gold pieces
 12474 | D:9      | Found Jiciwusch's Antique Armour Boutique.
 12579 | D:9      | Noticed Maurice
 12589 | D:9      | Killed Maurice
 12590 | D:9      | Reached skill level 11 in Spellcasting
 13496 | D:9      | You are sucked into a shaft and drop 2 floors!
 13537 | D:11     | Reached XP level 11. HP: 51/68 MP: 0/0
 13537 | D:11     | Learned a level 5 spell: Summon Forest
 13581 | D:11     | Found Hamiesh's Distillery.
 13598 | D:11     | Noticed a two-headed ogre
 13599 | D:11     | Noticed a two-headed ogre
 13610 | D:11     | Killed a two-headed ogre
 13610 | D:11     | Killed a two-headed ogre
 13611 | D:11     | Reached skill level 12 in Spellcasting
 13739 | D:11     | Bought a potion of lignification for 42 gold pieces
 13739 | D:11     | Bought 2 potions of invisibility for 224 gold pieces
 13749 | D:11     | Found Dossupiugo's Assorted Antiques.
 13769 | D:11     | Bought a scroll of identify for 56 gold pieces
 13769 | D:11     | Bought 2 scrolls labelled SYBOAG HIUNU for 56 gold pieces
 13895 | D:11     | Noticed a boulder beetle
 13897 | D:11     | Found Dimy Rem's Book Boutique.
 13931 | D:11     | Slain by a boulder beetle

Illustrated notes

Levels and vault maps discovered:
D:1:      dpeg_arrival_rooms_a, layout_loops_corners
D:2:      layout_loops_ring, dreamdust_ecumenical_altar_hidden_monk_grotto,
          serial_shops, shop
D:3:      layout_loops_ring, uniq_ijyb, uniq_grinder
D:4:      layout_rooms, corexii_checkpoint_a, minmay_ruptured
D:5:      layout_basic, minmay_temple_entry_junction, gammafunk_ghost_necromancy
D:6:      layout_loops_cross, serial_shops, shop
D:7:      layout_basic, uniq_prince_ribbit1
D:8:      layout_gridville, okawaru_gym_becter
D:9:      cheibrodos_frozen_isle, layout_basic, erik_lair_dragon, serial_shops,
          nicolae_stop_n_shop_2, uniq_gastronok, uniq_maurice
D:11:     layout_cross, serial_shops, shop_fountains,
          nicolae_shop_overgrown_old_shop, shop_fountains, uniq_harold
Temple:   mainiacjoe_temple_trianglar_array

Skill      XL: |  1  2  3  4  5  6  7  8  9 10 11 |
---------------+----------------------------------+-----
Spellcasting   | 3 4 5 6 7 9 11 12 | 12.1
Stealth        | 2 3 4 |  4.4
Armour         | 1 |  1.2
Dodging        | 3 4 |  4.0
Fighting       | 1 |  1.9
Evocations     | |  0.3

Action                   |  1- 3 |  4- 6 |  7- 9 | 10-12 || total
-------------------------+-------+-------+-------+-------++-------
Melee: Short sword       |       |     1 |       |    17 ||    18
       Flail             |       |     1 |       |       ||     1
       Punch             |       |       |       |     2 ||     2
Throw: Dart              |       |       |       |     4 ||     4
 Cast: Foxfire           |    53 |    71 |   134 |   130 ||   388
       Apportation       |     1 |       |     2 |       ||     3
       Scorch            |       |    22 |    55 |    25 ||   102
       Inner Flame       |       |     6 |    20 |    32 ||    58
       Gell's Gravitas   |       |       |     1 |       ||     1
       Summon Forest     |       |       |       |     3 ||     3
Evoke: Wand              |       |       |     2 |       ||     2
  Use: Scroll            |       |       |     3 |     5 ||     8
       Potion            |       |       |     1 |     1 ||     2
Armor: Robe              |     4 |     5 |    13 |    12 ||    34
Dodge: Dodged            |    15 |    12 |    29 |    35 ||    91
